 Dungeon Crawl Stone Soup version 0.28-a0-2-g643f2454ad (webtiles) character file.

Game seed: 10918034011907690636

2271 PentaManta the Grappler (level 9, -3/82 HPs)
             Began as a Ghoul Fighter on July 22, 2021.
             Was an Initiate of Fedhas.
             Slain by a hornet (6 damage)
             ... on level 7 of the Dungeon.
             The game lasted 00:15:40 (7591 turns).

PentaManta the Grappler (Ghoul Fighter)             Turns: 7591, Time: 00:15:41

Health: -3/82      AC:  6    Str: 20    XL:     9   Next: 38%
Magic:  8/8        EV:  9    Int:  6    God:    Fedhas [......]
Gold:   250        SH:  0    Dex:  8    Spells: 8/8 levels left

rFire   . . .      SeeInvis .     - Unarmed
rCold   + . .      Faith    .   (no shield)
rNeg    + + +      Spirit   .   a - +0 scale mail
rPois   ∞          Reflect  .   (no helmet)
rElec   .          Harm     .   (no cloak)
rCorr   .          Rampage  .   (no gloves)
Will    .....                   (no boots)
Stlth   ..........              (no amulet)
HPRegen 0.00/turn               (no ring)
MPRegen 0.11/turn               (no ring)

@: inhibited regen
A: claws 1, cold resistance 1, negative energy resistance 3, inhibited
regeneration, torment resistance 2
a: Renounce Religion


You were on level 7 of the Dungeon.
You worshipped Fedhas.
Fedhas was noncommittal.
You visited 2 branches of the dungeon, and saw 8 of its levels.
You also visited: Ossuary.

You collected 250 gold pieces.

Inventory:

Hand Weapons
 m - a +0 flail of venom
Missiles
 q - 14 poisoned darts (quivered)
 y - a throwing net
Armour
 a - a +0 scale mail (worn)
 b - a +0 kite shield
 l - a +0 chain mail
 n - a +0 plate armour
 r - a +0 ring mail of fire resistance
 t - a +1 leather armour of cold resistance
Wands
 e - a wand of flame (19)
Scrolls
 d - a scroll of blinking
 f - 2 scrolls of holy word {unknown}
 h - 6 scrolls of identify
 i - 2 scrolls of amnesia {unknown}
 j - a scroll of brand weapon
 o - 3 scrolls of teleportation {unknown}
 v - a scroll of silence {unknown}
 x - a scroll of summoning {unknown}
 z - a scroll of vulnerability {unknown}
Potions
 c - 2 potions of might
 g - a potion of invisibility
 k - a potion of heal wounds
 p - a potion of mutation {unknown}
 s - a potion of haste {unknown}
 u - a potion of lignification {unknown}
 w - a potion of curing {unknown}


   Skills:
 + Level 8.4 Fighting
 - Level 3.0 Armour
 - Level 2.7 Shields
 * Level 10.9 Unarmed Combat


You had 8 spell levels left.
You didn't know any spells.
Your spell library contained the following spells:

 Spells                   Type           Power      Damage    Failure   Level
 Animate Skeleton         Necr           0%         N/A       80%         1
 Pain                     Necr           0%         1d4       80%         1
 Slow                     Hex            0%         N/A       91%         2
 Call Canine Familiar     Summ           0%         N/A       99%         3
 Confusing Touch          Hex            0%         N/A       99%         3
 Dazzling Flash           Conj/Hex       0%         N/A       99%         3
 Portal Projectile        Hex/Tloc       0%         N/A       99%         3
 Vampiric Draining        Necr           0%         2d6       99%         3
 Iskenderun's Mystic Bla  Conj/Tloc      0%         2d3       100%        4
 Leda's Liquefaction      Hex/Erth       0%         N/A       100%        4
 Starburst                Conj/Fire      0%         8x6d3     100%        6


Dungeon Overview and Level Annotations

Branches:
Dungeon (7/15)             Temple (1/1) D:6         Ossuary (visited)

Altars:
Ashenzari
Cheibriados
Fedhas
Gozag
Hepliaklqana
Nemelex Xobeh
Ru
Trog
Uskayaw
Vehumet
Wu Jian
Xom
Yredelemnul
Zin
The Shining One

Annotations:
D:6 2 transporters


Innate Abilities, Weirdness & Mutations

You thrive by killing the living.
You are immune to poison.
You have sharp fingernails.
Your flesh is cold resistant. (rC+)
You are immune to negative energy. (rN+++)
You do not regenerate when monsters are visible.
You are immune to unholy pain and torment.


Message History

The hornet barely misses you.
You claw the hornet!
The hornet is severely wounded.
The hornet stings you but does no damage.
You completely miss the hornet.
The hornet is severely wounded.
The hornet stings you.
You scratch the hornet but do no damage.
You claw the hornet, but do no damage.
The hornet is severely wounded.
The hornet stings you! The hornet stings you.
You barely miss the hornet.
The hornet is severely wounded.
The hornet stings you.
You closely miss the hornet.
The hornet is severely wounded.
The hornet closely misses you.
You closely miss the hornet.
The hornet is severely wounded.
The hornet stings you!
* * * LOW HITPOINT WARNING * * *
You claw the hornet!
The hornet is almost dead.
The hornet barely misses you.
You closely miss the hornet. You claw the hornet.
You kill the hornet!
Fedhas appreciates your contribution to the ecosystem.
You barely miss the hornet. The hornet barely misses you.
You claw the hornet!
The hornet is moderately wounded.
The hornet closely misses you. x2
You completely miss the hornet.
The hornet is moderately wounded.
The hornet stings you!
* * * LOW HITPOINT WARNING * * *
You scratch the hornet but do no damage.
The hornet is lightly wounded.
The hornet stings you.
You die...
Fedhas appreciates your contribution to the ecosystem.

.)....##.###... #.........
......##..##.### #####.....#...
.......$.......# #...........##
#....#>....###.#####..##....#..##
##...####....#.....^........#....
##...####.##...........##..##)###
#.....##...............#...##># #
###...........##y##.####.#....#
##.....(.....#@##.## #.###..#
##..........#.....###.# #..#
#..........###...##..# #..#
##............##.###.## ##.#
#...........#..#..#..#
#.........<..##......####
.............######......#
#.....##.....## ###......# ######
####### #........#


You could see a hornet.

Vanquished Creatures
  Harold (D:7)
  A hornet (D:7)
  A water moccasin (D:6)
  An orc warrior (D:5)
  A black bear (D:6)
  2 necrophages
  An ogre (D:6)
  A phantom (D:5)
  2 bullfrogs (D:6)
  A scorpion (D:6)
  A wyvern skeleton (D:6)
  A centaur zombie (D:7)
  A jelly (D:6)
  3 orc priests
  A hound (D:6)
  A gnoll shaman (D:5)
  An iron imp (D:3)
  A bullfrog skeleton (D:5)
  An iguana (D:5)
  A killer bee zombie (D:7)
  2 hound skeletons (D:5)
  4 gnolls
  6 adders
  2 howler monkey skeletons
  A shadow imp (D:7)
  An ufetubus (D:6)
  An adder zombie (Ossuary)
  3 worms
  4 dart slugs
  13 orcs
  3 endoplasms
  3 giant cockroaches
  4 goblins
  2 hobgoblins
  A jackal (D:2)
  2 kobolds
  4 quokkas
  5 ball pythons
  A ball python skeleton (Ossuary)
  3 bats (D:1)
  2 frilled lizards
  A hobgoblin skeleton (Ossuary)
  2 kobold zombies (Ossuary)
  3 rats
97 creatures vanquished.

Vanquished Creatures (others)
  29 plants
29 creatures vanquished.

Grand Total: 126 creatures vanquished

Notes
Turn   | Place    | Note
-------+----------+-------------------------------------------
     0 | D:1      | PentaManta the Ghoul Fighter began the quest for the Orb.
     0 | D:1      | Reached XP level 1. HP: 19/19 MP: 0/0
   178 | D:1      | Reached XP level 2. HP: 26/26 MP: 1/1
   657 | D:1      | Reached skill level 3 in Unarmed Combat
   657 | D:1      | You fall into a shaft and drop 1 floor!
   668 | D:2      | Reached XP level 3. HP: 29/31 MP: 2/2
  1186 | D:3      | Found a snail-covered altar of Cheibriados.
  1207 | D:3      | Reached skill level 4 in Unarmed Combat
  1207 | D:3      | Reached XP level 4. HP: 30/40 MP: 3/3
  1579 | D:3      | Reached XP level 5. HP: 47/47 MP: 4/4
  1864 | D:3      | Reached skill level 5 in Unarmed Combat
  2263 | D:4      | Found a sand-covered staircase.
  2277 | Ossuary  | Entered an ossuary
  3012 | D:4      | Found a broken altar of Ashenzari.
  3111 | D:5      | Entered Level 5 of the Dungeon
  3111 | D:5      | Noticed a phantom
  3343 | D:5      | Noticed a necrophage
  3509 | D:6      | Reached XP level 6. HP: 39/55 MP: 5/5
  3870 | D:6      | Reached skill level 5 in Fighting
  3877 | D:6      | Killed a necrophage
  3878 | D:6      | Reached skill level 6 in Unarmed Combat
  3976 | D:5      | Reached XP level 7. HP: 40/61 MP: 6/6
  4388 | D:5      | Reached skill level 7 in Unarmed Combat
  5404 | D:6      | Reached skill level 8 in Unarmed Combat
  5404 | D:6      | Reached XP level 8. HP: 35/71 MP: 7/7
  5776 | D:6      | Found a staircase to the Ecumenical Temple.
  5784 | Temple   | Entered the Ecumenical Temple
  6028 | Temple   | Became a worshipper of Fedhas Madash
  6255 | D:6      | Found a transporter.
  6256 | D:6      | Found a transporter.
  6390 | D:6      | Reached skill level 9 in Unarmed Combat
  7217 | D:7      | Noticed Harold
  7231 | D:7      | Killed Harold
  7232 | D:7      | Reached skill level 10 in Unarmed Combat
  7232 | D:7      | Reached XP level 9. HP: 18/81 MP: 8/8
  7559 | D:7      | Noticed a hornet
  7559 | D:7      | Noticed a hornet
  7587 | D:7      | Killed a hornet
  7590 | D:7      | HP: 3/82 [hornet (14)]
  7591 | D:7      | Slain by a hornet

Illustrated notes

Levels and vault maps discovered:
D:1:      lightli_arrival_lavapool, layout_rooms
D:2:      layout_rooms, dreamdust_ecumenical_altar_angels_and_demons
D:3:      layout_loops_cross, slow_altar_1, serial_bayou_pond_a
D:4:      layout_loops_corners, evilmike_ruin_ashenzari,
          nicolae_ossuary_entry_false_entrances, kennysheep_boxes
D:5:      layout_rooms
D:6:      layout_rooms, minmay_temple_entry_proselytizer,
          gammafunk_ghost_gnarly_gnolls
D:7:      layout_rooms, mainiacjoe_overflow_divided_tiny, marbit_many_paths,
          nicolae_qazlal_general_emergency, amcnicky_mini_pool_small,
          uniq_harold
Temple:   nicolae_temple_figure_eight

Skill      XL: |  1  2  3  4  5  6  7  8 |
---------------+-------------------------+-----
Armour         | 3 |  3.0
Unarmed Combat | 3 4 5 6 8 10 | 10.9
Fighting       | 4 5 6 8 |  8.4
Shields        | |  2.7

Action                   |  1- 3 |  4- 6 |  7- 9 || total
-------------------------+-------+-------+-------++-------
Melee: Unarmed           |   151 |   173 |   169 ||   493
       Punch             |     2 |     4 |     9 ||    15
  Use: Scroll            |       |     7 |     1 ||     8
Armor: Scale mail        |    60 |    69 |    36 ||   165
Dodge: Dodged            |    58 |    98 |    66 ||   222

Table legend: (Time is in decaauts)
 A = Elapsed time spent in this place.
 B = Non-inter-level travel time spent in this place.
 C = Inter-level travel time spent in this place.
 D = Time resting spent in this place.
 E = Time spent auto-exploring this place.
 F = Levels seen in this place.
 G = Mean time per level.
                   A        B        C        D        E       F      G
               +--------+--------+--------+--------+--------+-----+--------+
         Total |   7555 |   7411 |    144 |   2250 |   3840 |   9 |  839.4 |
       Dungeon |   7189 |   7072 |    117 |   2250 |   3600 |   7 | 1027.0 |
        Temple |    272 |    245 |     27 |      0 |    207 |   1 |  272.0 |
       Ossuary |     92 |     92 |      0 |      0 |     33 |   1 |   92.0 |
               +--------+--------+--------+--------+--------+-----+--------+

Top non-repeatable levels by time:
     D:6: 1951 daAuts
     D:4: 1306 daAuts
     D:5: 1239 daAuts
     D:3: 1072 daAuts
     D:1: 653 daAuts
     D:7: 499 daAuts
     D:2: 468 daAuts
  Temple: 272 daAuts
 Ossuary: 92 daAuts
